 Dungeon Crawl Stone Soup version 0.28-a0-1117-g0bdd5ba030 (webtiles) character file.

Game seed: 5904957536182337275

906 browni3141 the Vexing (level 8, -2/58 HPs)
             Began as a Formicid Arcane Marksman on Dec 12, 2021.
             Killed by nerve-wracking pain
             ... invoked by an orc priest
              (7 damage)
             ... on level 4 of the Dungeon.
             The game lasted 00:13:11 (6292 turns).

browni3141 the Vexing (Formicid Arcane Marksman)    Turns: 6292, Time: 00:13:12

Health: -2/58      AC:  8    Str: 17    XL:     8   Next: 29%
Magic:  21/21      EV:  8    Int: 13    God:
Gold:   183        SH: 10    Dex: 11    Spells: 12/13 levels left

rFire   . . .      SeeInvis +   b - +1 whip (flame)
rCold   + . .      Faith    .   k - +2 kite shield
rNeg    . . .      Spirit   .   p - +0 scale mail
rPois   +          Reflect  .   (helmet unavailable)
rElec   .          Harm     .   (no cloak)
rCorr   .          Rampage  .   (no gloves)
Will    .....                   i - +1 pair of boots
Stlth   +.........              (no amulet)
HPRegen 0.19/turn               h - ring of protection from cold
MPRegen 0.17/turn               e - ring of Qacamu {rPois MP+9}

@: no status effects
A: permanent stasis, dig shafts and tunnels, antennae 3, four strong arms
a: Dig, Shaft Self


You were on level 4 of the Dungeon.
You visited 1 branch of the dungeon, and saw 4 of its levels.

You collected 183 gold pieces.

Inventory:

Hand Weapons
 a - a +0 hand crossbow
 b - a +1 whip of flaming (weapon)
Missiles
 c - 38 bolts
 f - 14 poisoned darts (quivered)
Armour
 d - a +0 robe
 i - a +1 pair of boots (worn)
 k - a +2 kite shield (worn)
 p - a +0 scale mail (worn)
Jewellery
 e - the ring of Qacamu (right hand) {rPois MP+9}
   (You acquired it on level 3 of the Dungeon)

   [ring of poison resistance]

   rPois:     It protects you from poison.
   MP:        It affects your magic capacity (+9).
 h - a ring of protection from cold (left hand)
Wands
 j - a wand of flame (10)
Scrolls
 g - 2 scrolls of vulnerability
 l - a scroll of enchant armour {unknown}
 q - a scroll of immolation
 s - a scroll of silence {unknown}
 u - a scroll of noise {unknown}
 v - a scroll of teleportation {unknown}
Potions
 m - 2 potions of heal wounds
 n - a potion of might {unknown}
 o - a potion of haste {unknown}
 r - a potion of berserk rage {unknown}
 t - a potion of ambrosia {unknown}


   Skills:
 * Level 3.4 Fighting
 - Level 2.0 Crossbows
 * Level 3.0 Armour
 - Level 1.7 Dodging
 - Level 5.0 Stealth
 * Level 3.3 Shields
 - Level 3.0 Spellcasting
 * Level 7.2 Hexes


You had 12 spell levels left.
You knew the following spells:

 Your Spells              Type           Power      Damage    Failure   Level
a - Slow                  Hex            80%        N/A       14%         1

Your spell library contained the following spells:

 Spells                   Type           Power      Damage    Failure   Level
 Cause Fear               Hex            10%        N/A       80%         4
 Inner Flame              Hex/Fire       11%        N/A       87%         3
 Portal Projectile        Hex/Tloc       22%        N/A       87%         3
 Animate Skeleton         Necr           2%         N/A       95%         1
 Magic Dart               Conj           4%         1d3       95%         1
 Pain                     Necr           4%         1d4       95%         1
 Call Imp                 Summ           1%         N/A       98%         2
 Leda's Liquefaction      Hex/Erth       5%         N/A       99%         4
 Call Canine Familiar     Summ           1%         N/A       100%        3
 Mephitic Cloud           Conj/Pois/Air  1%         N/A       100%        3
 Vampiric Draining        Necr           1%         2d6       100%        3


Dungeon Overview and Level Annotations

Branches:
Dungeon (4/15)
 Temple: D:4-7

Altars:
Hepliaklqana
Vehumet
Xom

Shops:
D:4 *


Innate Abilities, Weirdness & Mutations

You cannot be hasted, slowed, berserked, paralysed or teleported.
You can dig through walls and to a lower floor.
You have a pair of large antennae on your head. (SInv)
Your four strong arms can wield two-handed weapons with a shield.


Message History

v - a scroll labelled BUNE YSTUPERGH An orc comes into view.
It is wielding a +0 mace.
The orc shouts!
An orc priest comes into view. It is wielding a +0 falchion.
The orc throws a stone.
The stone closely misses you.
The orc priest shouts!
The orc barely misses you.
You hit the orc. You burn the orc.
You kill the orc!
The orc priest hits you but does no damage.
You completely miss the orc priest.
The orc priest hits you with a +0 falchion.
You hit the orc priest. You burn the orc priest.
The orc priest is heavily wounded.
The orc priest calls down the wrath of Beogh upon you.
Pain shoots through your body! The orc wizard barely misses you.
You hit the orc priest but do no damage.
The orc priest is heavily wounded.
The orc priest hits you but does no damage.
The orc wizard gestures at you while chanting.
The magic dart hits you but does no damage.
You hit the orc priest but do no damage.
The orc priest is heavily wounded.
The orc priest invokes the aid of Beogh against you.
Beogh smites you!
The orc wizard hits you but does no damage.
The orc priest hits you with a +0 falchion.
Unknown command.
You hit the orc priest but do no damage.
The orc priest is heavily wounded.
You block the orc wizard's attack.
The orc priest invokes the aid of Beogh against you.
Beogh smites you!
* * * LOW HITPOINT WARNING * * *
The orc wizard hits you but does no damage.
You hit the orc priest. You burn the orc priest.
The orc priest is severely wounded.
The orc priest calls down the wrath of Beogh upon you.
Pain shoots through your body!
You die...

.g.###........#
##...###.......####### ####
...###...h.....^8^..# ###..##
####......#......#####.#
##.....###..<..##.####......##.
##..........[..#....##.........#
.##......###..."...........>####
..........##....##..##....###
................@o..#....##
......##..#......o.......#
.##...##..##..............
..#..........!.....#.......(( .
.....#.##..........#......... #.
.....#####....#............(##.l
...... ##...#..............#{#.
...#......#..#................{.
.# ..... ..#... ..........#


You could see an orc priest and an orc wizard.

Vanquished Creatures
  Eustachio (D:3)
  A water moccasin (D:3)
  2 black bears
  An ogre (D:3)
  2 scorpions (D:3)
  A howler monkey (D:3)
  A centaur skeleton (D:4)
  A hound (D:3)
  2 orc wizards
  5 adders
  A worm (D:2)
  3 dart slugs
  15 orcs
  6 endoplasms
  A giant cockroach (D:2)
  3 hobgoblins
  4 jackals
  7 quokkas
  5 ball pythons
  3 bats
  2 frilled lizards
  6 goblins
  7 kobolds
  6 rats
86 creatures vanquished.

Notes
Turn   | Place    | Note
-------+----------+-------------------------------------------
     0 | D:1      | browni3141 the Formicid Arcane Marksman began the quest for
                  | the Orb.
     0 | D:1      | Reached XP level 1. HP: 15/15 MP: 2/2
   683 | D:1      | Reached skill level 1 in Stealth
   683 | D:1      | Reached XP level 2. HP: 21/21 MP: 3/3
  1198 | D:2      | Reached skill level 4 in Hexes
  1538 | D:2      | Reached XP level 3. HP: 13/26 MP: 5/5
  2227 | D:2      | Reached XP level 4. HP: 17/32 MP: 6/6
  3046 | D:3      | Noticed an ogre
  3069 | D:3      | Killed an ogre
  3070 | D:3      | Reached skill level 5 in Hexes
  3070 | D:3      | Reached XP level 5. HP: 12/37 MP: 8/8
  3463 | D:3      | Found a radiant altar of Vehumet.
  3577 | D:3      | Found a hazy altar of Hepliaklqana.
  3703 | D:3      | Reached XP level 6. HP: 24/43 MP: 9/9
  3927 | D:3      | Found a shimmering altar of Xom.
  4264 | D:3      | Noticed a water moccasin
  4284 | D:3      | Killed a water moccasin
  4285 | D:3      | Reached skill level 5 in Stealth
  4285 | D:3      | Reached skill level 6 in Hexes
  4559 | D:3      | Found a faded altar of an unknown god.
  4683 | D:4      | Noticed a black bear
  4729 | D:4      | Noticed a black bear
  4775 | D:4      | Noticed Eustachio
  4779 | D:3      | Identified a scroll of acquirement
  4781 | D:3      | Acquired the ring of Qacamu {rPois MP+9}
  4859 | D:3      | Reached XP level 7. HP: 41/48 MP: 11/11
  4947 | D:3      | Reached skill level 1 in Armour
  4947 | D:3      | Reached skill level 1 in Shields
  5822 | D:3      | Killed Eustachio
  5823 | D:3      | Reached XP level 8. HP: 57/57 MP: 12/12
  6011 | D:4      | Reached skill level 7 in Hexes
  6193 | D:4      | Found Cyst's Elemental Accessories.
  6292 | D:4      | Killed from afar by an orc priest

Illustrated notes

Levels and vault maps discovered:
D:1:      lightli_arrival_statue_moat, layout_basic
D:2:      layout_rooms
D:3:      layout_basic, mainiacjoe_overflow_paths, mainiacjoe_overflow_24_doors,
          vehumet_crystals, shapermc_ecumenical_altar_hornbeckon
D:4:      layout_cave_pools, ebering_dispersal_statue_hall,
          kennysheep_another_room, kennysheep_pointless_box,
          nicolae_elemental_shop, uniq_eustachio

Skill      XL: |  1  2  3  4  5  6  7  8 |
---------------+-------------------------+-----
Stealth        | 1 2 4 5 |  5.0
Hexes          | 4 5 6 7 |  7.2
Spellcasting   | 2 3 |  3.0
Fighting       | 2 3 |  3.4
Armour         | 2 3 |  3.0
Shields        | 2 3 |  3.3
Crossbows      | |  2.0
Dodging        | |  1.7

Action                   |  1- 3 |  4- 6 |  7- 9 || total
-------------------------+-------+-------+-------++-------
Melee: Club              |    96 |    67 |       ||   163
       Whip              |       |    43 |    87 ||   130
       Unarmed           |       |       |     8 ||     8
 Fire: Hand crossbow     |    21 |    53 |     8 ||    82
Throw: Dart              |    43 |    15 |    22 ||    80
  Use: Scroll            |       |     4 |       ||     4
       Potion            |       |     1 |     1 ||     2
 Stab: Distracted        |     1 |       |       ||     1
       Sleeping          |     1 |     2 |       ||     3
Armor: Robe              |    54 |     9 |       ||    63
       Scale mail        |       |    88 |    89 ||   177
Dodge: Dodged            |   106 |    86 |    52 ||   244
Block: Kite shield       |       |     6 |    87 ||    93

Table legend: (Time is in decaauts)
 A = Elapsed time spent in this place.
 B = Non-inter-level travel time spent in this place.
 C = Inter-level travel time spent in this place.
 D = Time resting spent in this place.
 E = Time spent auto-exploring this place.
 F = Levels seen in this place.
 G = Mean time per level.
                   A        B        C        D        E       F      G
               +--------+--------+--------+--------+--------+-----+--------+
         Total |   6420 |   6224 |    196 |    521 |   4375 |   4 | 1605.0 |
       Dungeon |   6420 |   6224 |    196 |    521 |   4375 |   4 | 1605.0 |
               +--------+--------+--------+--------+--------+-----+--------+

Top non-repeatable levels by time:
     D:3: 2768 daAuts
     D:2: 1859 daAuts
     D:1: 1165 daAuts
     D:4: 627 daAuts
